 Dungeon Crawl Stone Soup version 0.31-a0-182-gc5ef74bbde (webtiles) character file.

Game seed: 13625225759616528684

1946 tilp the Sneak (level 8, -2/62 HPs)
             Began as a Vampire Enchanter on June 22, 2023.
             Was a Believer of Wu Jian.
             Slain by an ice devil (17 damage)
             ... summoned by an orc high priest
             ... in a bailey.
             The game lasted 00:15:12 (8091 turns).

tilp the Sneak (Vampire Enchanter)                  Turns: 8091, Time: 00:15:12

Health: -2/62      AC: 10    Str:  7    XL:     8   Next: 98%
Magic:  6/15       EV: 13    Int: 19    God:    Wu Jian [**....]
Gold:   340        SH:  0    Dex: 15    Spells: 6/17 levels left

rFire   . . .        a - +2 dagger
rCold   . . .        (no shield)
rNeg    + . .        A - +0 steam dragon scales
rPois   .            j - +1 helmet
rElec   .            (no cloak)
rCorr   .            (no gloves)
SInv    +            k - +2 pair of boots
Will    .....        (no amulet)
Stlth   ++++         o - ring of flight
HPRegen 0.50/turn    z - ring of positive energy
MPRegen 0.14/turn

%: no passive effects
@: about to teleport, spiked, flying, healing quickly
A: alive, fangs 3, see invisible, vampiric 2
a: Exsanguinate, Renounce Religion, Wall Jump


You were in a bailey.
You worshipped Wu Jian.
Wu Jian was pleased with you.
You visited 2 branches of the dungeon, and saw 8 of its levels.
You also visited: Ossuary and Bailey.

You collected 340 gold pieces.

Inventory:

Hand Weapons
 a - a +2 dagger (weapon)
Missiles
 l - 6 boomerangs (quivered)
 m - 6 javelins
 p - 6 poisoned darts
Armour
 j - a +1 helmet (worn)
 k - a +2 pair of boots (worn)
 A - +0 steam dragon scales (worn)
Jewellery
 d - a ring of resist corrosion
 o - a ring of flight (left hand)
 z - a ring of positive energy (right hand)
Wands
 y - a wand of light (11)
Scrolls
 i - a scroll of silence
 t - a scroll of identify
 u - 2 scrolls of amnesia
Potions
 c - a potion of invisibility
 e - a potion of might
 f - a potion of attraction
 g - 4 potions of brilliance
 h - 2 potions of resistance
 n - a potion of heal wounds
 q - 9 potions of curing
 r - 2 potions of enlightenment
 v - 2 potions of cancellation
 x - a potion of haste


   Skills:
 * Level 5.1 Fighting
 * Level 6.4 Short Blades
 - Level 4.0 Dodging
 + Level 7.7 Stealth
 - Level 5.0 Spellcasting
 + Level 7.2 Hexes


You had 6 spell levels left.
You knew the following spells:

 Your Spells              Type           Power      Damage    Failure   Level
a - Ensorcelled Hibernat  Hex/Ice        36%        N/A       4%          2
b - Confusing Touch       Hex            32%        N/A       1%          3
c - Tukima's Dance        Hex            32%        N/A       1%          3
d - Dazzling Flash        Conj/Hex       36%        N/A       9%          3

Your spell library contained the following spells:

 Spells                   Type           Power      Damage    Failure   Level
 Sublimation of Blood     Necr           4%         N/A       19%         2
 Wereblood                Tmut           4%         N/A       19%         2
 Metabolic Englaciation   Hex/Ice        9%         N/A       61%         5
 Petrify                  Tmut/Erth      4%         N/A       77%         4
 Statue Form              Tmut/Erth      2%         N/A       100%        6
 Summon Hydra             Summ           2%         N/A       100%        7


Dungeon Overview and Level Annotations

Branches:
Dungeon (7/15)             Temple (1/1) D:4         Ossuary (visited)
 Bailey (1/1)

Altars:
Ashenzari
Cheibriados
Dithmenos
Gozag
Kikubaaqudgha
Makhleb
Nemelex Xobeh
Okawaru
Ru
Sif Muna
Trog
Uskayaw
Vehumet
Wu Jian
Xom
Yredelemnul


Innate Abilities, Weirdness & Mutations

Your natural rate of healing is accelerated.
You have razor-sharp teeth.
You have supernaturally acute eyesight. (SInv)
You are afflicted with vampirism and can become a bat while bloodless.


Message History

You barely miss the orc warrior. You closely miss the orc warrior.
The red devil hits you from afar with a +2 demon trident of electrocution!
Barbed spikes become lodged in your body.
The ice devil closely misses you. The orc warrior barely misses you.
Unknown command.
The barbs in your skin will harm you if you move.
Continue?
Okay, then.
The barbs in your skin will harm you if you move.
Continue?
Okay, then.
As you read the scroll of teleportation, it crumbles to dust.
You feel strangely unstable.
The red devil hits you but does no damage.
The ice devil hits you!
* * * LOW HITPOINT WARNING * * *
The ice devil freezes you!
* * * LOW HITPOINT WARNING * * *
The orc high priest calls down the wrath of Beogh upon you.
Pain shoots through your body!
* * * LOW HITPOINT WARNING * * *
The orc warrior barely misses you.
Unknown command.
You feel much better.
The red devil hits you from afar with a +2 demon trident of electrocution!
Barbed spikes become lodged in your body.
The ice devil hits you but does no damage.
The orc high priest hits you with a +0 war axe.
The orc warrior hits you with a +0 war axe.
* * * LOW HITPOINT WARNING * * *
Unknown command.
Unknown command.
The barbs in your skin will harm you if you move.
Continue?
Okay, then.
The barbs in your skin will harm you if you move.
Continue?
The barbed spikes dig painfully into your body as you move.
* * * LOW HITPOINT WARNING * * *
You spin and attack the ice devil repeatedly.
You hit the ice devil but do no damage. x2; The ice devil hits you.
* * * LOW HITPOINT WARNING * * *
The ice devil freezes you!
You die...

#).# #.) ##)#
#)# #..# #).
#..# #.. #..#
#.. #..# #..
#..# #..
#+#'##+### ##+
#..@.#??.# #
#).4.#?!.# .#
###oo######.####
+4.......∩....
####~~~~~~~~~~
≈≈≈≈≈≈≈≈≈≈≈≈≈≈≈
≈≈≈≈≈≈≈≈≈≈≈≈≈≈≈
≈≈≈≈≈≈≈≈≈≈≈≈≈≈≈≈
≈≈≈S≈≈≈≈≈≈≈≈≈≈≈≈


You could see an orc high priest, an ice devil (summoned), a red devil
(summoned) and an orc warrior.

Vanquished Creatures
  2 steam dragons (D:6)
  2 orc warriors (Bailey)
  An ogre (D:5)
  A phantom (D:6)
  An elf zombie (Ossuary)
  3 scorpions
  4 electric eels (Bailey)
  2 hounds (D:5)
  An orc priest (D:3)
  3 jellies
  2 orc wizards
  3 iguanas
  A hound zombie (Ossuary)
  4 mummies (Ossuary)
  10 adders
  13 gnolls
  2 adder zombies (Ossuary)
  3 worms
  5 dart slugs
  13 orcs
  9 endoplasms
  5 giant cockroaches
  10 goblins
  10 hobgoblins
  3 quokkas (D:1)
  10 ball pythons
  5 bats
  9 frilled lizards
  A goblin zombie (Ossuary)
  3 hobgoblin zombies (Ossuary)
  12 kobolds
  A kobold zombie (Ossuary)
  2 orc zombies (Ossuary)
  5 rats
  A rat zombie (Ossuary)
162 creatures vanquished.

Vanquished Creatures (collateral kills)
  An orc warrior (Bailey)
  An ogre (D:5)
  A gnoll (D:5)
3 creatures vanquished.

Vanquished Creatures (others)
  A wizard (D:3)
  A dancing weapon (D:5)
2 creatures vanquished.

Grand Total: 167 creatures vanquished

Notes
Turn   | Place    | Note
-------+----------+-------------------------------------------
     0 | D:1      | tilp the Vampire Enchanter began the quest for the Orb.
     0 | D:1      | Reached XP level 1. HP: 13/13 MP: 3/3
   203 | D:1      | Reached XP level 2. HP: 4/20 MP: 5/5
   207 | D:1      | Learned a level 2 spell: Ensorcelled Hibernation
   446 | D:1      | Found a faded altar of an unknown god.
  1343 | D:2      | Reached skill level 1 in Fighting
  1343 | D:2      | Gained mutation: You are afflicted with vampirism and can
                  | become a bat while bloodless. [Vampire growth]
  1343 | D:2      | Reached XP level 3. HP: 26/26 MP: 3/6
  2290 | D:3      | Learned a level 3 spell: Confusing Touch
  2549 | D:3      | Reached XP level 4. HP: 27/32 MP: 0/7
  2701 | D:3      | Reached skill level 5 in Stealth
  2916 | D:3      | Reached XP level 5. HP: 38/38 MP: 6/9
  2925 | D:3      | Learned a level 3 spell: Tukima's Dance
  3347 | D:3      | Found a bloodstained altar of Trog.
  3369 | D:3      | Noticed a wizard
  3374 | D:3      | Killed a wizard
  3934 | D:4      | Reached skill level 5 in Hexes
  4663 | D:4      | Reached XP level 6. HP: 34/44 MP: 5/10
  4740 | D:4      | Found a staircase to the Ecumenical Temple.
  4825 | Temple   | Entered the Ecumenical Temple
  5027 | Temple   | Became a worshipper of the Wu Jian Council
  5304 | D:5      | Entered Level 5 of the Dungeon
  5588 | D:5      | Found a sand-covered staircase.
  5643 | Ossuary  | Entered an ossuary
  5668 | Ossuary  | Reached XP level 7. HP: 49/51 MP: 12/12
  5741 | Ossuary  | Reached * piety under Wu Jian
  6601 | D:6      | Learned a level 3 spell: Dazzling Flash
  6813 | D:6      | Reached XP level 8. HP: 60/60 MP: 9/14
  6920 | D:6      | Reached skill level 5 in Short Blades
  7289 | D:6      | Reached skill level 5 in Spellcasting
  7512 | D:7      | Found a flagged portal.
  7519 | Bailey   | Entered a bailey
  7804 | Bailey   | Reached ** piety under Wu Jian
  7997 | Bailey   | Reached skill level 5 in Fighting
  8072 | Bailey   | Noticed an orc high priest
  8087 | Bailey   | Noticed a red devil
  8087 | Bailey   | Noticed an ice devil
  8089 | Bailey   | HP: 2/62 [orc high priest/nerve-wracking pain (6)]
  8091 | Bailey   | Slain by an ice devil

Illustrated notes

Levels and vault maps discovered:
D:1:      dpeg_arrival_castle, layout_basic,
          shapermc_ecumenical_altar_acropolis, minmay_lizard_pond
D:2:      layout_basic
D:3:      layout_loops_ring, trog_wizard
D:4:      layout_basic, minmay_temple_entry_nine_rooms
D:5:      layout_rooms, chequers_ossuary_entry_cave, grunt_tough_drop
D:6:      kennysheep_steamy, layout_basic, serial_bayou_crossing
D:7:      gammafunk_cloud_chamber, layout_basic,
          mainiacjoe_overflow_tiny_flanked, serial_shops,
          nicolae_shop_bloodbath_and_beyond, enter_bailey_2, minmay_misc_feat_x,
          nicolae_shop_gadgets, uniq_menkaure, uniq_maggie
Temple:   regret_index_temple_sphere_string
Bailey:   bailey_axe_of_yendor_kennysheep, bailey

Skill      XL: |  1  2  3  4  5  6  7  8 |
---------------+-------------------------+-----
Fighting       | 1 2 3 5 |  5.1
Short Blades   | 2 3 4 6 |  6.4
Stealth        | 5 6 7 |  7.7
Dodging        | 3 4 |  4.0
Spellcasting   | 3 4 5 |  5.0
Hexes          | 5 6 7 |  7.2

Action                     |  1- 3 |  4- 6 |  7- 9 || total
---------------------------+-------+-------+-------++-------
  Melee: Dagger            |   119 |   121 |   220 ||   460
         Bite              |     6 |    11 |    23 ||    40
         Punch             |     2 |     1 |     3 ||     6
  Throw: Boomerang         |       |     1 |     2 ||     3
   Cast: Ensorcelled Hiber |    34 |    56 |    52 ||   142
         Confusing Touch   |       |     2 |     5 ||     7
         Tukima's Dance    |       |       |     6 ||     6
Ability: Lunge             |       |     4 |    21 ||    25
         Whirlwind         |       |       |     6 ||     6
    Use: Scroll            |     3 |     8 |     9 ||    20
         Potion            |       |       |     3 ||     3
   Stab: Sleeping          |    23 |    32 |    37 ||    92
         Confused          |       |     1 |     4 ||     5
         Distracted        |       |     1 |       ||     1
 Armour: Robe              |    36 |    45 |    21 ||   102
         Steam dragon scal |       |       |    18 ||    18
  Dodge: Dodged            |    54 |    88 |   120 ||   262

Table legend: (Time is in decaauts)
 A = Elapsed time spent in this place.
 B = Non-inter-level travel time spent in this place.
 C = Inter-level travel time spent in this place.
 D = Time resting spent in this place.
 E = Time spent auto-exploring this place.
 F = Levels seen in this place.
 G = Mean time per level.
                   A        B        C        D        E       F      G
               +--------+--------+--------+--------+--------+-----+--------+
         Total |   8018 |   7623 |    395 |    836 |   5053 |  10 |  801.8 |
       Dungeon |   6991 |   6640 |    351 |    559 |   4780 |   7 |  998.7 |
        Temple |    215 |    171 |     44 |      0 |    157 |   1 |  215.0 |
       Ossuary |    267 |    267 |      0 |      0 |    116 |   1 |  267.0 |
        Bailey |    544 |    544 |      0 |    277 |      0 |   1 |  544.0 |
               +--------+--------+--------+--------+--------+-----+--------+

Top non-repeatable levels by time:
     D:4: 1447 daAuts
     D:3: 1411 daAuts
     D:1: 1210 daAuts
     D:2: 1073 daAuts
     D:5: 929 daAuts
     D:6: 911 daAuts
  Bailey: 544 daAuts
 Ossuary: 267 daAuts
  Temple: 215 daAuts
     D:7: 7 daAuts
